 Dungeon Crawl Stone Soup version 0.30-a0-165-g1891117ce2 (webtiles) character file.

Game seed: 10867402154381673366

189 qw the Chopper (level 5, -2/32 HPs)
             Began as a Gargoyle Fighter on Sept 28, 2022.
             Splashed by a jelly's acid (5 damage)
             ... on level 4 of the Dungeon.
             The game lasted 00:01:06 (3369 turns).

qw the Chopper (Gargoyle Fighter)                   Turns: 3369, Time: 00:01:06

Health: -2/32      AC:  3    Str: 21    XL:     5   Next: 68%
Magic:  5/5        EV:  7    Int:  9    God:
Gold:   186        SH:  4    Dex:  9    Spells: 4/4 levels left

rFire   . . .      SeeInvis .    Y - +1 war axe
rCold   . . .      Faith    .    c - +0 buckler
rNeg    + . .      Spirit   .    n - +0 chain mail
rPois   inf        Reflect  .    e - +0 helmet
rElec   +          Harm     .    (no cloak)
rCorr   .          Rampage  .    a - +0 pair of gloves
Will    .....                    (no boots)
Stlth   ..........               (no amulet)
HPRegen 0.10/turn                (no ring)
MPRegen 0.09/turn                (no ring)

@: corroded
A: sickness immunity, AC +4, negative energy resistance 1, electricity
resistance, torment resistance 1, petrification resistance
a: no special abilities


You were on level 4 of the Dungeon.
You visited 1 branch of the dungeon, and saw 4 of its levels.

You collected 186 gold pieces.


Innate Abilities, Weirdness & Mutations

You are immune to sickness and miasma.
Your stone body is resilient. (AC +4)
You are immune to poison.
You resist negative energy. (rN+)
You are resistant to electric shocks. (rElec)
You are resistant to unholy torment.
You are immune to petrification.


   Skills:
 + Level 3.3 Fighting
 - Level 5.2 Axes
 - Level 3.2 Armour
 - Level 3.2 Shields


You had 4 spell levels left.
You didn't know any spells.
Your spell library was empty.

Inventory:

Hand Weapons
 m - a +0 flail
 Y - a +1 war axe (weapon)
Armour
 a - a +0 pair of gloves (worn)
 c - a +0 buckler (worn)
 e - a +0 helmet (worn)
 n - a +0 chain mail (worn)
Scrolls
 f - a scroll of silence {unknown}
 g - a scroll of identify
Potions
 b - a potion of resistance {unknown}
 d - a potion of might
 h - 3 potions of lignification
 i - 2 potions of curing
 k - 2 potions of experience {unknown}
 l - a potion of berserk rage {unknown}

Dungeon Overview and Level Annotations

Branches:
Dungeon (4/15)
 Temple: D:4-7

Altars:
Fedhas
Gozag
Sif Muna
Xom

Shops:
D:1 (


Message History

You see here 3 stones.
You see here a book of Spatial Translocations.
Found a blossoming altar of Fedhas.
Enter note: A quokka comes into view.
You hit the quokka.
You kill the quokka!
k - 2 dark potions (gained 1)
h - 3 potions of lignification (gained 1)
You see here a quokka corpse.
There is a blossoming altar of Fedhas here.
You now have enough gold to buy a glowing morningstar on D:1.
You can access your shopping list by pressing '$'.
You now have 186 gold pieces (gained 18).
There is a blossoming altar of Fedhas here.
You see here a quokka corpse.
Found a long sword.
Enter note: A jelly comes into view.
The jelly quivers.
You see here a +0 long sword.
You completely miss the jelly. The jelly hits you but does no damage.
The jelly hits you. The acid corrodes you!
You are splashed with acid!
You hit the jelly but do no damage. The acid corrodes you!
Your hands burn!
The jelly hits you but does no damage.
You hit the jelly.
Your hands burn!
The jelly is heavily wounded.
The jelly barely misses you.
You hit the jelly but do no damage. The acid corrodes you!
Your hands burn!
The jelly is heavily wounded.
You block the jelly's attack. The jelly barely misses you.
You barely miss the jelly.
The jelly is heavily wounded.
The jelly barely misses you.
You hit the jelly but do no damage.
Your hands burn!
The jelly is heavily wounded.
The jelly barely misses you.
You hit the jelly.
Your hands burn!
You die...

# # # # #######
#############.....###
..............###...###
####....####### ###...#
## #...@# ###.# .
........J....# #.# #
####.....###.# #.#
###### #...... #.#
.....# #....#.# #.#
.....# ..####.. #.##
.....# ##..## ##. #..#
#.#### ##..# #. ##.#
..# ######.# ...## #.#


You could see a jelly.

Vanquished Creatures
  A necrophage (D:4)
  Terence (D:3)
  2 gnolls (D:4)
  An adder (D:2)
  2 worms (D:3)
  2 dart slugs (D:1)
  An orc (D:4)
  An endoplasm (D:2)
  4 giant cockroaches
  7 goblins
  7 hobgoblins
  4 jackals (D:2)
  8 kobolds
  7 quokkas
  2 ball pythons (D:1)
  4 bats
  4 frilled lizards
  5 rats
63 creatures vanquished.

Notes
Turn   | Place    | Note
-------+----------+-------------------------------------------
     0 | D:1      | qw the Gargoyle Fighter began the quest for the Orb.
     0 | D:1      | Reached XP level 1. HP: 14/14 MP: 1/1
     0 | D:1      | 0 ||| qw: Version: 0.2-a-12-gaebbb33
     0 | D:1      | 0 ||| qw: Game counter: 918
     0 | D:1      | 0 ||| qw: Always use a shield: true
     0 | D:1      | 0 ||| qw: God list: Okawaru
     0 | D:1      | 0 ||| qw: Allow faded altars: false
     0 | D:1      | 0 ||| qw: Do Orc after D:15 true
     0 | D:1      | 0 ||| qw: Do second Lair branch before Depths: true
     0 | D:1      | 0 ||| qw: Lair rune preference: random
     0 | D:1      | 0 ||| qw: Plans: Normal, Zot:1-4, God:TSO, Crypt, Tomb,
                  | Pan, Slime:5, Hells, Abyss, Orb
     0 | D:1      | 0 ||| PLANNING D:1-11
    29 | D:1      | Reached skill level 2 in Axes
    47 | D:1      | Found Zedwuraa's Antique Weapon Shoppe.
    61 | D:1      | 61 ||| SHOPLISTING glimmering hand axe (200 gold, have 0).
    61 | D:1      | 61 ||| SHOPLISTING glowing hand axe (150 gold, have 0).
    61 | D:1      | 61 ||| SHOPLISTING glowing morningstar (175 gold, have 0).
   395 | D:1      | Reached XP level 2. HP: 19/19 MP: 2/2
   558 | D:1      | 558 ||| Stepping ~*~*~tactically~*~*~ (stealth).
   648 | D:1      | 648 ||| Stepping ~*~*~tactically~*~*~ (hiding).
   660 | D:1      | Reached skill level 3 in Axes
   723 | D:1      | 723 ||| DROPPING +0 club.
   732 | D:1      | Reached XP level 3. HP: 23/23 MP: 3/3
  1222 | D:1      | 1222 ||| DROPPING +6 ring of intelligence.
  1223 | D:1      | 1223 ||| READING scroll labelled JOEWNI DUETHRAU.
  1224 | D:1      | 1224 ||| READING scroll labelled MEW DOUG PIP.
  1225 | D:1      | 1225 ||| READING scroll labelled LOASHR NOB MOTO.
  1226 | D:1      | 1226 ||| DRINKING 2 fizzy pink potions.
  1227 | D:1      | 1227 ||| DROPPING potion of invisibility.
  1306 | D:2      | 1306 ||| STAIRDANCE
  1434 | D:2      | 1434 ||| Stepping ~*~*~tactically~*~*~ (stealth).
  1858 | D:2      | Found a blossoming altar of Fedhas.
  1876 | D:2      | Found a faded altar of an unknown god.
  2004 | D:2      | Reached XP level 4. HP: 28/28 MP: 4/4
  2070 | D:2      | 2070 ||| UPGRADING to +0 helmet.
  2075 | D:2      | 2075 ||| READING scroll labelled ATICUR REACOPP.
  2076 | D:2      | 2076 ||| READING scroll labelled NAOFAI FOUMN.
  2077 | D:2      | 2077 ||| READING scroll labelled FIKHLA BOILAR.
  2078 | D:2      | 2078 ||| READING scroll labelled GUESANL JUIT.
  2079 | D:2      | 2079 ||| DRINKING 2 golden potions.
  2080 | D:2      | 2080 ||| DROPPING potion of degeneration.
  2159 | D:3      | Found a shimmering blue altar of Sif Muna.
  2341 | D:3      | Found a shimmering altar of Xom.
  2345 | D:3      | 2345 ||| Stepping ~*~*~tactically~*~*~ (stealth).
  2442 | D:3      | Noticed Terence
  2447 | D:3      | Killed Terence
  2448 | D:3      | Reached skill level 4 in Axes
  2457 | D:3      | 2457 ||| DROPPING +0 whip.
  2462 | D:3      | Identified the +1 hand axe "Goblinslayer" {vorpal, *Slow
                  | rPois Int+5}
  2464 | D:3      | 2464 ||| DROPPING +1 hand axe "Goblinslayer" {vorpal, *Slow
                  | rPois Int+5, mikee}.
  2570 | D:3      | 2570 ||| Stepping ~*~*~tactically~*~*~ (stealth).
  2584 | D:3      | Found an opulent altar of Gozag.
  2844 | D:3      | 2844 ||| UPGRADING to +0 pair of gloves.
  2849 | D:3      | 2849 ||| UPGRADING to +0 chain mail.
  2859 | D:3      | 2859 ||| DROPPING +0 scale mail.
  2860 | D:3      | 2860 ||| READING scroll labelled FIHABA ZAUBROA.
  2861 | D:3      | 2861 ||| READING scroll labelled XUNIAV NEFRE.
  2862 | D:3      | 2862 ||| READING scroll labelled KIASCH DAECAW.
  2863 | D:3      | 2863 ||| DRINKING 3 bubbling amethyst potions.
  2885 | D:3      | 2885 ||| DRINKING 3 cyan potions.
  2905 | D:4      | 2905 ||| STAIRDANCE
  3075 | D:4      | 3075 ||| Stepping ~*~*~tactically~*~*~ (stealth).
  3095 | D:4      | 3095 ||| Stepping ~*~*~tactically~*~*~ (stealth).
  3096 | D:4      | 3096 ||| Stepping ~*~*~tactically~*~*~ (stealth).
  3100 | D:4      | 3100 ||| Stepping ~*~*~tactically~*~*~ (stealth).
  3107 | D:4      | Reached XP level 5. HP: 25/32 MP: 5/5
  3274 | D:4      | Reached skill level 5 in Axes
  3291 | D:4      | Found a blossoming altar of Fedhas.
  3366 | D:4      | HP: 6/32 [acid (4)]
  3369 | D:4      | Splashed by a jelly's acid

Levels and vault maps discovered:
D:1:      tarquinn_simple_flora_water_a, layout_basic, serial_shops, shop,
          chequers_serial_rivers_marsh, supply_closet_lemuel, minivault_14,
          grunt_decor_cap, minmay_close_crescents
D:2:      layout_loops_cross, basic_altar, shapermc_ecumenical_altar_pompeii
D:3:      layout_loops_ring, mainiacjoe_overflow_surrounded_room,
          mainiacjoe_overflow_cross_hatched, nicolae_sif_muna_condensation,
          uniq_terence
D:4:      layout_rooms, chei_slow_surprise, lemuel_round_altar,
          nicolae_underground_beach

Skill      XL: |  1  2  3  4  5 |
---------------+----------------+-----
Axes           | 2 3 4 5 |  5.2
Fighting       | |  3.3
Armour         | |  3.2
Shields        | |  3.2

Action                   |  1- 3 |  4- 6 || total
-------------------------+-------+-------++-------
Melee: War axe           |   121 |    72 ||   193
  Use: Scroll            |     3 |     7 ||    10
       Potion            |     1 |     3 ||     4
Armor: Scale mail        |    61 |    12 ||    73
       Chain mail        |       |    18 ||    18
Dodge: Dodged            |    46 |    26 ||    72
Block: Buckler           |    24 |     8 ||    32

Table legend:
 A = Non-vault XP
 B = Vault XP
 C = Vault XP percentage of total XP
 D = Non-vault monster count
 E = Vault monster count
 F = Vault count percentage of total count
                 A         B        C        D         E       F
            +---------+---------+-------+---------+---------+-------
      Total |     224 |      47 |  17.3 |      56 |       7 |  11.1
            +---------+---------+-------+---------+---------+-------
        D:1 |      33 |       9 |  21.4 |      16 |       6 |  27.3
        D:2 |      40 |       0 |   0.0 |      17 |       0 |   0.0
        D:3 |      29 |      38 |  56.7 |      15 |       1 |   6.2
        D:4 |     122 |       0 |   0.0 |       8 |       0 |   0.0
            +---------+---------+-------+---------+---------+-------
